Map: Moonlight Madness LE (Void)

Players

MaN - Winner!

  • Race: Protoss Protoss
  • League: Platinum

DestroyBoy

  • Race: Terran Terran
  • League: Platinum

VOD

Have the link to the VOD?

Description

Time

  • Played on: Sept. 7, 2015, 6:06 a.m.
  • Length: 7:54
Show
View Real Time Build Order
Export as new Build Order

MaN Protoss - Winner!

Build Orders:  

Get SALT Encoding   

  12  0:00  Probe (Chrono Boost)  
  13  0:15  Pylon  
  13  0:18  Probe (Chrono Boost)  
  14  0:28  Probe (Chrono Boost)  
  15  0:38  Probe (Chrono Boost)  
  16  0:48  Probe (Chrono Boost)  
  17  0:51  Gateway  
  17  0:56  Assimilator  
  17  0:58  Probe (Chrono Boost), Assimilator  
  18  1:09  Probe (Chrono Boost)  
  19  1:13  Pylon  
  19  1:19  Probe (Chrono Boost)  
  20  1:29  Probe (Chrono Boost)  
  21  1:39  Probe (Chrono Boost)  
  22  1:42  Cybernetics Core  
  22  1:44  Zealot (Chrono Boost)  
  24  1:50  Probe  
  25  1:57  Pylon  
  25  2:05  Probe  
  26  2:18  Stalker (Chrono Boost), Warp Gate (Chrono Boost)  
  30  2:30  Mothership Core  
  30  2:37  Robotics Facility  
  30  2:47  Robotics Facility  
  30  2:51  Probe  
  31  2:54  Pylon  
  31  3:03  Probe  
  31  3:06  Pylon  
  31  3:22  Gateway  
  31  3:24  Gateway  
  31  3:25  Gateway  
  31  3:36  Immortal (Chrono Boost)  
  35  3:43  Pylon  
  35  4:13  Immortal (Chrono Boost)  
  39  4:29  Adept x4  
  47  4:41  Pylon  
  47  4:42  Pylon  
  47  4:45  Warp Prism (Chrono Boost)  
  49  4:55  Adept x2  
  49  4:56  Adept  
  55  5:00  Sentry  
  55  5:05  Pylon  
  57  5:40  Stalker x2, Adept x2  
  57  5:42  Probe  
  62  5:54  Probe  
  63  6:15  Pylon  
  63  6:29  Pylon  
  63  6:42  Pylon  
  61  6:52  Stalker x3  
  61  7:06  Adept  
  61  7:20  Adept x3  
Show
View Real Time Build Order
Export as new Build Order

DestroyBoy Terran 

Build Orders: Siege Tank Drop 

Get SALT Encoding   

  12  0:00  SCV  
  13  0:13  SCV  
  14  0:21  Supply Depot  
  14  0:25  SCV  
  15  0:30  Refinery  
  15  0:43  SCV  
  15  0:45  Barracks  
  16  0:57  SCV  
  17  1:10  SCV  
  18  1:22  SCV  
  19  1:36  Orbital Command  
  19  1:37  Marine  
  20  1:50  Refinery  
  20  1:52  Factory  
  20  1:53  Supply Depot  
  20  1:57  Marine  
  21  2:02  SCV  
  22  2:15  SCV  
  23  2:18  Marine  
  24  2:27  SCV  
  24  2:39  SCV  
  24  2:43  Factory Tech Lab  
  25  2:44  Starport  
  25  2:49  Marine  
  25  2:51  SCV  
  27  3:03  SCV  
  31  3:10  Widow Mine  
  31  3:11  Marine  
  31  3:19  Supply Depot, Bunker  
  31  3:29  Supply Depot  
  31  3:40  Medivac, Marine  
  31  3:41  SCV  
  38  3:42  Siege Tank  
  38  4:11  Medivac  
  38  4:13  SCV  
  38  4:14  Siege Tank  
  44  4:19  Marine  
  45  4:30  SCV  
  46  4:40  Command Center  
  46  4:41  Barracks  
  46  4:42  SCV  
  46  4:44  Barracks  
  47  4:53  Viking, Marine  
  47  4:54  Siege Tank  
  53  5:06  SCV  
  54  5:15  Barracks Tech Lab  
  54  5:17  Engineering Bay  
  54  5:18  SCV  
  54  5:19  Engineering Bay  
  55  5:37  Supply Depot  
  55  5:38  Supply Depot  
  55  5:52  SCV, Siege Tank, Medivac  
  55  5:54  SCV  
  55  5:55  Barracks Reactor, Marauder  
  55  5:56  Barracks Reactor  
  64  6:04  SCV  
  64  6:10  Orbital Command  
  65  6:13  Supply Depot  
  65  6:14  Supply Depot  
  65  6:21  SCV  
  59  6:42  Marine  
  59  6:43  Marauder  
  56  7:03  Siege Tank  
  56  7:04  Marauder  
  60  7:11  Medivac  
  59  7:25  Marine  
Tags
 
Add a new tag
Caveats
  • Supply blocks, unpowered buildings, or Contaminate may cause inaccurate times.
  • Supply counts are checked every 10 seconds.